 Dungeon Crawl Stone Soup version 0.31-a0-986-g5e6e4ef867 (webtiles) character file.

Game seed: 9016019573968755982

7028 timneilson the Grappler (level 11, 0/75 HPs)
             Began as an Octopode Shapeshifter on Nov 11, 2023.
             Was an Initiate of Gozag.
             Engulfed by a steam dragon's steam (4 damage)
             ... on level 9 of the Dungeon.
             The game lasted 00:21:04 (10181 turns).

timneilson the Grappler (Octopode Shapeshifter)    Turns: 10181, Time: 00:21:04

Health: 0/75       AC:  5    Str: 18    XL:     11   Next: 8%
Magic:  17/17      EV: 17    Int: 12    God:    Gozag
Gold:   1445       SH:  5    Dex: 18    Spells: 18/18 levels left

rFire   . .          .
                       - Unarmed
rCold   . . .        (shield currently unavailable)
rNeg    . . .        (helmet restricted)
rPois   .            e - amulet of reflection
rElec   .            f - +4 ring of protection
rCorr   .            m - ring of flight
SInv    .            n - +6 ring of dexterity
Will    .....        (no ring)
Stlth   ++           (no ring)
HPRegen 0.32/turn    (no ring)
MPRegen 0.15/turn    (no ring)
                     (no ring)

%: reflection
@: flux-form, flying, hasted, glowing, very quick
A: glow, contaminating, almost no armour, amphibious, 8 rings, camouflage 1,
gelatinous body 1, (nimble swimmer 1), tentacles
a: Begin Untransformation, Renounce Religion, Potion Petition, Call Merchant,
Bribe Branch


You were on level 9 of the Dungeon.
You worshipped Gozag.
Gozag was most pleased with you.
You were something dangerously unstable.
You visited 2 branches of the dungeon, and saw 10 of its levels.
You also visited: Sewer and Bailey.

You collected 1535 gold pieces.
You paid 90 gold pieces to Gozag.

Inventory:

Armour
 j - a +1 hat
Jewellery
 e - an amulet of reflection (around mantle)
 f - a +4 ring of protection (left tentacle)
 m - a ring of flight (right tentacle)
 n - a +6 ring of dexterity (on tentacle)
Talismans
 b - a beast talisman
 c - a flux talisman (active)
Wands
 g - a wand of flame (13)
Scrolls
 d - 8 scrolls of teleportation
 s - a scroll of immolation
Potions
 a - a potion of lignification
 h - a potion of resistance
 i - 2 potions of mutation
 k - a potion of berserk rage
 l - 2 potions of brilliance
 q - a potion of invisibility {unknown}
 r - 2 potions of might
 t - a potion of attraction {unknown}


   Skills:
 * Level 7.4 Fighting
 * Level 7.7 Dodging
 + Level 7.4 Stealth
 * Level 8.1 Unarmed Combat
 + Level 4.4 Spellcasting
 + Level 2.2 Evocations
 * Level 7.3 Shapeshifting


You had 18 spell levels left.
You didn't know any spells.
Your spell library contained the following spells:

 Spells                   Type           Power      Damage    Failure   Level
 Frozen Ramparts          Ice            4%         1d1       54%         3
 Ozocubu's Armour         Ice            2%         N/A       54%         3
 Petrify                  Tmut/Erth      2%         N/A       91%         4
 Metabolic Englaciation   Hex/Ice        1%         N/A       99%         5
 Ozocubu's Refrigeration  Ice            1%         4d7       100%        7
 Simulacrum               Ice/Necr       Unusable   N/A       N/A         6

Dungeon Overview and Level Annotations

Branches:
Dungeon (9/15)             Temple (1/1) D:5            Lair (0/5) D:8
  Sewer (visited)          Bailey (visited)
    Orc: D:9-12

Altars:
Ashenzari
Cheibriados
Dithmenos
Elyvilon
Fedhas
Gozag
Hepliaklqana
Kikubaaqudgha
Makhleb
Nemelex Xobeh
Okawaru
Qazlal
Ru
Sif Muna
Trog
Uskayaw
Vehumet
Wu Jian
Xom
Yredelemnul
The Shining One

Annotations:
D:3 1 runed translucent door, justen's ghost, weakling MfSh
D:6 exclusion: oklob plant


Innate Abilities, Weirdness & Mutations

You are something dangerously unstable.
You glow with magical radiation, making you easy to see and hit.
Foes you strike become dangerously contaminated with magical radiation.
You are incapable of wielding weapons or throwing items.
You cannot wear most types of armour.
You are amphibious.
You can wear up to eight rings at the same time.
Your skin changes colour to match your surroundings (Stealth+).
Your rubbery body absorbs attacks. (AC +1, EV +1)
((You are camouflaged when in or above water. (Stealth+)))
You have tentacles for arms and can constrict up to eight enemies at once.


Message History

The steam dragon shudders as magic cascades through it.
The steam dragon twists and deforms.
Your squeeze misses the steam dragon.
The steam dragon is moderately wounded.
You are engulfed in a cloud of scalding steam.
The centaur wields a +0 shortbow.
The centaur shoots an arrow.
The arrow hits you! The steam dragon bites you. The steam dragon misses you.
You tentacle-slap the steam dragon.
The steam dragon begins to glow.
You squeeze the steam dragon!
The steam dragon is heavily wounded.
You are engulfed in a cloud of scalding steam.
The steam dragon closely misses you. x2; The centaur unwields a +0 shortbow.
The centaur misses you. The centaur kicks you.
You tentacle-slap the steam dragon but do no damage.
The steam dragon glows dangerously bright.
The steam dragon is heavily wounded.
The steam dragon closely misses you. You block the steam dragon's attack.
The centaur closely misses you.
The centaur kicks you but does no damage.
You tentacle-slap the steam dragon.
The steam dragon shudders as magic cascades through it.
The steam dragon twists and deforms.
The steam dragon is almost dead.
The centaur misses you. x2
The steam dragon breathes steam at you. The ball of steam hits you!!
* * * LOW HITPOINT WARNING * * *
It was a potion of haste.
You feel yourself speed up.
You are engulfed in a cloud of scalding steam.
* * * LOW HITPOINT WARNING * * *
You block the centaur's attack. The centaur misses you.
The steam dragon closely misses you. The steam dragon misses you.
You block the centaur's attack. The centaur closely misses you.
Unknown command.
The centaur is engulfed in a cloud of scalding steam.
The centaur wields a +0 shortbow.
The centaur shoots an arrow.
You block the arrow with an invisible shield... and reflect it back!
The arrow hits the centaur!
You are engulfed in a cloud of scalding steam.
You die...
Your body crumbles into a pile of gold.

### ..#
####.#######
#..........#
#..p§......#
#..§.......#
#..§.Dc....#
#....§.§..).#
#..........##
#..........#
###.######..#
#.# .. #.. #


You could see a steam dragon (misshapen) and a centaur.

Vanquished Creatures
  Pikel (D:7)
  A gargoyle (D:7)
  A troll (D:8)
  Prince Ribbit (D:7)
  4 yaks (D:8)
  A water moccasin (D:8)
  A black bear (D:6)
  5 ice beasts
  A sky beast (D:7)
  12 orc warriors (Bailey)
  3 wolves (D:8)
  4 centaurs
  A lemure (D:7)
  3 phantoms
  6 kobold brigands
  2 bullfrogs
  A gnoll sergeant (D:8)
  A scorpion (D:5)
  16 wights
  3 howler monkeys (D:8)
  2 electric eels (D:8)
  6 hounds
  6 jellies (D:6)
  3 orc priests (D:4)
  A gnoll bouda (D:6)
  2 orc wizards (D:6)
  A sleepcap (D:6)
  An iguana (D:6)
  5 adders
  17 gnolls
  3 river rats (Sewer)
  A white imp (D:5)
  2 ufetubi (D:5)
  3 worms
  A dart slug (D:4)
  29 orcs
  7 bats
  16 endoplasms
  3 giant cockroaches
  13 goblins
  15 hobgoblins
  9 jackals
  4 quokkas
  8 ball pythons
  11 frilled lizards
  12 kobolds
  12 rats
261 creatures vanquished.

Vanquished Creatures (others)
  A river rat (Sewer)
1 creature vanquished.

Grand Total: 262 creatures vanquished

Notes
Turn   | Place    | Note
-------+----------+-------------------------------------------
     0 | D:1      | timneilson the Octopode Shapeshifter began the quest for
                  | the Orb.
     0 | D:1      | Reached XP level 1. HP: 13/13 MP: 1/1
   330 | D:1      | Reached XP level 2. HP: 18/18 MP: 2/2
   993 | D:2      | Reached XP level 3. HP: 21/23 MP: 3/3
  1002 | D:2      | Reached skill level 1 in Stealth
  1254 | D:2      | Found a faded altar of an unknown god.
  1614 | D:2      | Reached XP level 4. HP: 29/29 MP: 4/4
  1993 | D:3      | Noticed justen's ghost (weakling MfSh)
  2003 | D:3      | Found a runed translucent door.
  2358 | D:3      | Noticed a moth of wrath
  2361 | D:3      | Found a bloodstained altar of Trog.
  2723 | D:4      | Found a glowing golden altar of the Shining One.
  2843 | D:4      | Reached XP level 5. HP: 32/34 MP: 5/5
  2882 | D:4      | Found the +7 staff of the Meek {protect, meekguard}
  3074 | D:4      | Reached skill level 4 in Unarmed Combat
  3146 | D:4      | Reached skill level 1 in Spellcasting
  3146 | D:4      | Reached XP level 6. HP: 21/41 MP: 7/7
  3914 | D:5      | Entered Level 5 of the Dungeon
  4010 | D:5      | Reached XP level 7. HP: 29/46 MP: 7/9
  4241 | D:5      | Found a staircase to the Ecumenical Temple.
  4250 | Temple   | Entered the Ecumenical Temple
  4259 | Temple   | Became a worshipper of Gozag Ym Sagoz the Greedy
  4889 | D:6      | Reached skill level 5 in Unarmed Combat
  4889 | D:6      | Reached XP level 8. HP: 52/54 MP: 10/10
  5102 | D:6      | Noticed an oklob plant
  5254 | D:6      | Found a glowing drain.
  5258 | Sewer    | Entered a sewer
  5507 | Sewer    | Reached skill level 5 in Shapeshifting
  5522 | Sewer    | Reached skill level 5 in Dodging
  6632 | D:6      | Reached XP level 9. HP: 56/60 MP: 11/13
  6640 | D:6      | Reached skill level 5 in Fighting
  7098 | D:6      | Reached skill level 5 in Stealth
  7098 | D:6      | Reached skill level 6 in Unarmed Combat
  7781 | D:7      | Found a shadowy altar of Dithmenos.
  7946 | D:7      | Noticed a gargoyle
  7953 | D:7      | Killed a gargoyle
  8334 | D:7      | Reached XP level 10. HP: 68/68 MP: 15/15
  8338 | D:7      | Reached skill level 7 in Unarmed Combat
  8360 | D:7      | Noticed Prince Ribbit
  8368 | D:7      | Killed Prince Ribbit
  8487 | D:7      | Noticed Pikel
  8494 | D:7      | Killed Pikel
  9056 | D:8      | Found a flagged portal.
  9089 | D:8      | Reached skill level 1 in Evocations
  9116 | Bailey   | Entered a bailey
  9688 | Bailey   | Acquired a +6 ring of dexterity
  9698 | Bailey   | Noticed an orc knight
  9737 | D:8      | Reached skill level 8 in Unarmed Combat
  9755 | D:8      | Reached XP level 11. HP: 62/75 MP: 17/17
  9865 | D:8      | Found a staircase to the Lair.
 10178 | D:9      | HP: 3/75 [steam dragon] (7)]
 10181 | D:9      | Engulfed by a steam dragon's steam

Illustrated notes

Levels and vault maps discovered:
D:1:      dpeg_arrival_circle_labyrinth_c, layout_loops_ring,
          nicolae_hexahallways, kennysheep_crisscross
D:2:      cheibrodos_greedy_goblins, layout_loops_ring, basic_ecumenical_altar
D:3:      layout_basic, tgw_trog, hellmonk_ghost_happy_afterlife,
          kennysheep_generic_room_3
D:4:      layout_basic, nicolae_tso_carved_into_rock,
          kennysheep_decorative_pillar, pf_guarded_unrand_meek
D:5:      layout_loops_ring, minmay_temple_entry_junction,
          grunt_decor_resistance, minmay_misc_feat_chi, minivault_4
D:6:      lemuel_slime, layout_cave_pods,
          mainiacjoe_sewer_entry_somewhere_in_here_2,
          amcnicky_mini_rare_corridor_liquid
D:7:      layout_loops_cross, grunt_dithmenos_smoke_and_mirrors,
          kennysheep_generic_room_9, uniq_pikel, uniq_prince_ribbit1
D:8:      layout_basic, erik_lair_island, enter_bailey_8,
          minmay_stone_trees_small, st_stairs_5
D:9:      layout_roguey, erik_orc_1, minivault_16, nrook_loot_triangle,
          uniq_grum
Temple:   compressed_dpeg_circular_temple

Skill      XL: |  1  2  3  4  5  6  7  8  9 10 |
---------------+-------------------------------+-----
Stealth        | 1 2 3 4 6 7 |  7.4
Fighting       | 2 3 4 6 7 |  7.4
Dodging        | 3 4 5 6 7 |  7.7
Unarmed Combat | 4 5 6 8 |  8.1
Spellcasting   | 1 2 3 4 |  4.4
Shapeshifting  | 4 5 6 7 |  7.3
Evocations     | 2 |  2.2

Action                     |  1- 3 |  4- 6 |  7- 9 | 10-12 || total
---------------------------+-------+-------+-------+-------++-------
  Melee: Unarmed           |    70 |   129 |   280 |   176 ||   655
         Constrict         |    18 |    35 |    42 |    45 ||   140
         Tentacles         |    15 |    35 |    66 |    58 ||   174
         Punch             |     1 |     4 |    14 |     8 ||    27
  Evoke: Wand              |       |       |       |     3 ||     3
    Use: Scroll            |     2 |     6 |     6 |     5 ||    19
         Potion            |       |       |       |     2 ||     2
   Stab: Sleeping          |     7 |     8 |    13 |     3 ||    31
         Distracted        |       |       |     5 |       ||     5
 Armour: Skin              |    16 |    50 |   110 |    76 ||   252
  Dodge: Dodged            |    31 |    57 |   130 |   120 ||   338
  Block: Other             |     7 |    23 |    50 |    48 ||   128
         Reflection        |       |       |     1 |     7 ||     8
   Form: Flux              |       |       |       |     1 ||     1

Table legend: (Time is in decaauts)
 A = Elapsed time spent in this place.
 B = Non-inter-level travel time spent in this place.
 C = Inter-level travel time spent in this place.
 D = Time resting spent in this place.
 E = Time spent auto-exploring this place.
 F = Levels seen in this place.
 G = Mean time per level.
                   A        B        C        D        E       F      G
               +--------+--------+--------+--------+--------+-----+--------+
         Total |  10114 |   9755 |    359 |   1122 |   5823 |  12 |  842.8 |
       Dungeon |   8826 |   8475 |    351 |    947 |   5299 |   9 |  980.7 |
        Temple |     18 |     10 |      8 |      0 |      0 |   1 |   18.0 |
         Sewer |    692 |    692 |      0 |      0 |    404 |   1 |  692.0 |
        Bailey |    577 |    577 |      0 |    175 |    120 |   1 |  577.0 |
               +--------+--------+--------+--------+--------+-----+--------+

Top non-repeatable levels by time:
     D:6: 1934 daAuts
     D:7: 1217 daAuts
     D:4: 1081 daAuts
     D:3: 1071 daAuts
     D:1: 974 daAuts
     D:5: 942 daAuts
     D:8: 818 daAuts
     D:2: 775 daAuts
   Sewer: 692 daAuts
  Bailey: 577 daAuts
  Temple: 18 daAuts
     D:9: 10 daAuts
